 Dungeon Crawl Stone Soup version 0.31-a0-175-g9f7f995f2b (webtiles) character file.

Game seed: 2964483488021349959

192273 qw the Crack Shot (level 18, -2/158 (178) HPs)
             Began as a Naga Hunter on June 16, 2023.
             Was an Elder of Okawaru.
             Constricted to death by a naga (3 damage)
             ... on level 3 of the Snake Pit.
             The game lasted 00:14:10 (26545 turns).

qw the Crack Shot (Naga Hunter)                    Turns: 26545, Time: 00:14:11

HP:   -2/158 (178)  AC: 31    Str: 11 (12) XL:     18   Next: 67%
MP:   20/25         EV: 23    Int: 10      God:    Okawaru [****..]
Gold: 1249          SH:  0    Dex: 33 (34) Spells: 17/17 levels left

rFire   + . .        v - +6 triple crossbow "Mangel" {drain, rElec rF+ Int-2 Dex+8}
rCold   + . .        (shield currently unavailable)
rNeg    . . .        o - +2 troll leather armour
rPois   +            c - +1 hat {Stlth+}
rElec   +            p - +2 cloak
rCorr   .            d - +2 pair of gloves
SInv    +            n - +1 barding {rC+}
Will    ++...        u - amulet of faith
Stlth   +++++        a - +6 ring of dexterity
HPRegen 1.26/turn    k - +4 ring of protection
MPRegen 0.19/turn

%: faith
@: lethally poisoned (-2 -> -3), about to teleport, heroic, finesse-ful,
constricted, heavily drained, very slow
A: AC +6, large, see invisible, deformed body, poison resistance, slowness 2,
spit poison 1, naga tail 2, horns 1, deterioration 1, weak 1
a: Spit Poison, Renounce Religion, Heroism, Finesse


You were on level 3 of the Snake Pit.
You worshipped Okawaru.
Okawaru was greatly pleased with you.
You visited 6 branches of the dungeon, and saw 30 of its levels.

You collected 3537 gold pieces.
You spent 2288 gold pieces at shops.


Innate Abilities, Weirdness & Mutations

Your serpentine skin is tough. (AC +6)
You have supernaturally acute eyesight. (SInv)
Armour fits poorly on your strangely shaped body.
Your system is resistant to poisons. (rPois)
You cover ground very slowly.
You can spit poison.
You can use your snake-like lower body to constrict enemies.
You have a pair of small horns on your head.
Your body sometimes deteriorates upon taking damage.
You are weak. (Str -2)


   Skills:
 - Level 15.0(20.0) Fighting
 + Level 21.8(26.8) Ranged Weapons
 - Level 7.0(12.0) Armour
 - Level 12.0(17.0) Dodging
 - Level 1.5(6.5) Stealth
 - Level 10.1 Invocations


You had 17 spell levels left.
You didn't know any spells.
Your spell library was empty.

Inventory:

Hand Weapons
 v - the +6 triple crossbow "Mangel" (weapon) {drain, rElec rF+ Int-2 Dex+8}
   (Okawaru gifted it to you on level 15 of the Dungeon)

   Int:       It affects your intelligence (-2).
   Dex:       It affects your dexterity (+8).
   rF:        It protects you from fire.
   rElec:     It insulates you from electricity.
Armour
 c - a +1 hat of stealth (worn)
 d - a +2 pair of gloves (worn)
 n - a +1 barding of cold resistance (worn)
 o - a +2 troll leather armour (worn)
 p - a +2 cloak (worn)
 s - the +2 barding "Ymamowneota" {Str+2 Int+3}
   (Okawaru gifted it to you on level 3 of the Snake Pit)

   Str:       It affects your strength (+2).
   Int:       It affects your intelligence (+3).
 x - a +2 robe of resistance
Jewellery
 a - a +6 ring of dexterity (left hand)
 k - a +4 ring of protection (right hand)
 q - a ring of fire
 u - an amulet of faith (around neck)
 y - the brooch of Shielding {Spirit SH+8}
   (You bought it in a shop on level 2 of the Orcish Mines)

   [amulet of guardian spirit]

   It causes incoming damage to be divided between your reserves of health and
   magic.
   SH:        It affects your SH (+8).
Wands
 e - a wand of digging (15)
Scrolls
 b - 3 scrolls of enchant weapon
 g - 18 scrolls of identify
 i - 13 scrolls of teleportation
Potions
 f - 2 potions of haste
 j - 3 potions of curing
 l - 6 potions of mutation
 m - 4 potions of cancellation
 r - 3 potions of might
 t - 5 potions of magic

Dungeon Overview and Level Annotations

Branches:
Dungeon (15/15)            Temple (1/1) D:5            Lair (5/5) D:11
 Shoals (3/4) Lair:2        Snake (4/4) Lair:3        Slime (0/5) Lair:5
    Orc (2/2) D:12            Elf (0/3) Orc:2        Vaults (0/5) D:14
 Depths (0/4) D:15

Altars:
Ashenzari
Cheibriados
Dithmenos
Elyvilon
Fedhas
Gozag
Hepliaklqana
Kikubaaqudgha
Makhleb
Nemelex Xobeh
Okawaru
Qazlal
Ru
Sif Muna
Trog
Uskayaw
Vehumet
Wu Jian
Xom
Yredelemnul
Zin
The Shining One

Shops:
D:4 *   D:8 !   D:9 *   D:12 *   Orc:2 ?=[(   Shoals:2 ?

Annotations:
Lair:1 3 runed translucent doors, qw's ghost, journeyman NaHu
Lair:2 3 runed translucent doors, qw's ghost, journeyman GrFi
Shoals:1 2 transporters, qw's ghost, adept GrHu
Snake:4 Mara
Orc:1 1 runed translucent door


Message History

The naga misses you. The naga hits you but does no damage.
The naga completely misses you. The naga misses you.
You climb upwards.
You feel sick.
There is a stone staircase leading down here.
You shoot a bolt.
The bolt barely misses the naga sharpshooter.
The naga spits poison at you. The splash of poison misses you.
The splash of poison hits the naga but does no damage.
The naga hits you with a +0 war axe. The naga barely misses you.
The naga sharpshooter mumbles some strange words.
The naga sharpshooter magically shoots a bolt.
The bolt closely misses you.
You shoot a bolt.
The bolt closely misses the naga sharpshooter.
You feel sick. The naga spits poison at you. The splash of poison misses you.
The splash of poison hits the naga but does no damage.
The naga is poisoned.
The naga hits you with a +0 war axe. The naga completely misses you.
The naga spits poison at you. The splash of poison misses you.
The splash of poison hits the naga.
The naga is poisoned.
You shoot a bolt. The bolt hits the naga!!!
You kill the naga!
Okawaru accepts your kill. The naga hits you but does no damage.
The naga misses you.
The naga sharpshooter mumbles some strange words.
The naga sharpshooter magically shoots a bolt.
The bolt hits you! The naga completely misses you. The naga grabs you.
The naga constricts you.
26545 ||| READING 14 scrolls of teleportation.
As you read the scroll of teleportation, it crumbles to dust.
You feel strangely unstable.
You feel sick. The naga completely misses you.
The naga hits you with a +0 dire flail!!
The naga misses you.
The naga sharpshooter shoots a bolt.
The bolt hits you! The naga hits you with a +0 war axe.
The naga constricts you.
You die...

.........................#
.........................##
.......###+#............%.#
######'#.#.##...........###
....##......#...........#
.....##.....#...........##
......#.....#............##
###...#.....##.)N.........#
##....#......#.N@N.......##
.....##.....##..NN.../...#
.+..##......#...........##
.#####.<#####...........##
..#..#.##...##.%.........#
###..###.....##%.........#
.....##.......#..........#
......#...#...#..........#
......#...#.............##


You could see a naga sharpshooter and 4 nagas.

Vanquished Creatures
  Polyphemus (Shoals:2)
  Gastronok (Lair:2)
  2 krakens
  Ilsuiw (Shoals:3)
  A nagaraja (Snake:2)
  Josephine (D:12)
  3 merfolk impalers
  6 merfolk javelineers
  2 ice dragons (D:15)
  A salamander tyrant (Snake:2)
  2 vault guards (D:14)
  8 hydras
  3 merfolk avatars
  An ogre mage (D:15)
  3 catoblepae
  2 boulder beetles
  An alligator snapping turtle (Shoals:3)
  8 naga warriors
  11 anacondas
  3 centaur warriors
  A merfolk aquamancer (Shoals:3)
  2 satyrs (Shoals:2)
  2 death knights
  9 two-headed ogres
  4 tengu warriors
  3 orc high priests (Orc:2)
  13 death yaks
  2 naga sharpshooters (Snake:4)
  2 shock serpents (Snake:2)
  2 salamander mystics (Snake:2)
  Sonja (D:11)
  15 skeletal warriors
  3 skysharks
  11 sea snakes
  2 naga ritualists
  6 orc knights
  3 lindwurms
  Pikel (D:6)
  3 deep elf pyromancers
  A wizard (D:15)
  24 harpies
  2 necromancers (D:14)
  5 orc sorcerers
  7 mana vipers
  20 fauns
  14 ugly things
  A wolf spider (Lair:5)
  6 cyclopes
  11 manticores
  8 salamanders
  9 guardian serpents
  17 elephants
  9 merfolk sirens
  25 black mambas
  4 naga magi
  A torpor snail (Lair:2)
  16 cane toads
  2 water nymphs (Shoals:2)
  3 gargoyles
  An efreet (D:14)
  11 komodo dragons
  2 rime drakes
  2 tengu conjurers
  4 freezing wraiths
  8 yaktaurs
  22 merfolk
  A tyrant leech (D:15)
  2 polar bears
  5 wind drakes
  6 trolls
  5 hornets
  5 dream sheep
  12 blink frogs
  7 snapping turtles
  4 slime creatures (D:13)
  Sigmund (D:6)
  3 centaur simulacra
  9 wraiths
  3 vampires
  A shadow (D:9)
  A hog (shapeshifter) (D:15)
  19 humans (D:14)
  6 water elementals
  15 wyverns
  75 yaks
  A redback (Lair:5)
  5 basilisks
  15 nagas
  2 wargs
  4 acid dragons
  31 water moccasins
  2 hell hounds (D:15)
  Duvessa (D:6)
  20 orc warriors
  2 ice beasts
  2 sky beasts
  3 black bears
  8 ogres
  4 boggarts (D:15)
  5 centaurs
  3 phantoms
  15 wolves
  2 lemures (D:6)
  A kobold brigand (D:5)
  2 scorpions
  6 bullfrogs
  2 gnoll sergeants
  8 wights
  Dowan (D:6)
  14 killer bees
  3 electric eels
  12 howler monkeys
  3 jellies
  6 hounds
  A gnoll bouda (D:10)
  16 orc priests
  3 iguanas (D:6)
  A sleepcap (D:5)
  An iguana (shapeshifter) (D:15)
  17 orc wizards
  2 hell rats (D:15)
  5 gnolls (D:10)
  8 adders
  4 river rats (D:15)
  2 white imps
  14 worms
  A dart slug (D:3)
  61 orcs
  5 endoplasms
  3 giant cockroaches
  10 hobgoblins
  17 jackals
  7 kobolds
  3 quokkas (D:4)
  12 ball pythons
  5 bats
  10 goblins
  10 rats
  8 tentacles
970 creatures vanquished.

Vanquished Creatures (others)
  A water elemental (D:15)
  5 tentacles
6 creatures vanquished.

Grand Total: 976 creatures vanquished

Notes
Turn   | Place    | Note
-------+----------+-------------------------------------------
     0 | D:1      | qw the Naga Hunter began the quest for the Orb.
     0 | D:1      | Reached XP level 1. HP: 19/19 MP: 1/1
     0 | D:1      | 0 ||| qw: Version: 0.2-a-29-g511e9b1
     0 | D:1      | 0 ||| qw: Game counter: 11
     0 | D:1      | 0 ||| qw: Always use a shield: true
     0 | D:1      | 0 ||| qw: God list: Okawaru
     0 | D:1      | 0 ||| qw: Allow faded altars: false
     0 | D:1      | 0 ||| qw: Do Orc after D:15 true
     0 | D:1      | 0 ||| qw: Do second Lair branch before Depths: true
     0 | D:1      | 0 ||| qw: Lair rune preference: random
     0 | D:1      | 0 ||| qw: Plans: Normal
     0 | D:1      | 0 ||| PLANNING D:1-11
     7 | D:1      | 7 ||| INVOKING Spit Poison.
    72 | D:1      | 72 ||| INVOKING Spit Poison.
    87 | D:1      | 87 ||| INVOKING Spit Poison.
   110 | D:1      | Found a faded altar of an unknown god.
   133 | D:1      | 133 ||| INVOKING Spit Poison.
   135 | D:1      | Reached skill level 4 in Ranged Weapons
   135 | D:1      | Reached XP level 2. HP: 26/26 MP: 2/2
   136 | D:1      | 136 ||| INVOKING Spit Poison.
   142 | D:1      | 142 ||| INVOKING Spit Poison.
   148 | D:1      | 148 ||| INVOKING Spit Poison.
   198 | D:1      | 198 ||| INVOKING Spit Poison.
   212 | D:1      | 212 ||| INVOKING Spit Poison.
   318 | D:1      | 318 ||| INVOKING Spit Poison.
   338 | D:1      | 338 ||| INVOKING Spit Poison.
   660 | D:1      | 660 ||| READING scroll labelled CUPLEI NYQEIJ.
   661 | D:1      | 661 ||| READING scroll labelled WODOLU VULEL.
   662 | D:1      | 662 ||| READING scroll labelled ZUSCHI KEELIHUA.
   663 | D:1      | 663 ||| READING 3 scrolls labelled VEPSOI HEENU.
   666 | D:1      | 666 ||| DROPPING scroll of butterflies.
   720 | D:2      | 720 ||| INVOKING Spit Poison.
   724 | D:2      | 724 ||| INVOKING Spit Poison.
   726 | D:2      | Reached XP level 3. HP: 32/32 MP: 3/3
   796 | D:2      | 796 ||| INVOKING Spit Poison.
   801 | D:2      | 801 ||| INVOKING Spit Poison.
   949 | D:2      | 949 ||| INVOKING Spit Poison.
  1116 | D:2      | 1116 ||| INVOKING Spit Poison.
  1155 | D:2      | 1155 ||| INVOKING Spit Poison.
  1168 | D:2      | 1168 ||| INVOKING Spit Poison.
  1179 | D:2      | 1179 ||| INVOKING Spit Poison.
  1199 | D:2      | 1199 ||| INVOKING Spit Poison.
  1232 | D:2      | 1232 ||| INVOKING Spit Poison.
  1238 | D:2      | 1238 ||| INVOKING Spit Poison.
  1289 | D:2      | 1289 ||| INVOKING Spit Poison.
  1292 | D:2      | Reached skill level 5 in Ranged Weapons
  1292 | D:2      | Reached XP level 4. HP: 39/39 MP: 4/4
  1403 | D:2      | 1403 ||| READING scroll labelled QEECWOTIKH.
  1403 | D:2      | Identified a scroll of acquirement
  1403 | D:2      | 1403 ||| ACQUIRING +4 longbow of freezing
  1403 | D:2      | Acquired a +4 longbow of freezing
  1405 | D:2      | 1405 ||| UPGRADING to +4 longbow of freezing.
  1406 | D:2      | 1406 ||| DROPPING +0 shortbow.
  1407 | D:2      | 1407 ||| DRINKING 2 bubbling dark potions.
  1475 | D:3      | 1475 ||| INVOKING Spit Poison.
  1479 | D:3      | Found a shadowy altar of Dithmenos.
  1489 | D:3      | 1489 ||| INVOKING Spit Poison.
  1722 | D:3      | 1722 ||| INVOKING Spit Poison.
  1742 | D:3      | 1742 ||| INVOKING Spit Poison.
  2015 | D:3      | Found a glowing golden altar of the Shining One.
  2196 | D:3      | 2196 ||| READING scroll labelled JIQ OBOW GUPTYLU.
  2197 | D:3      | 2197 ||| DRINKING 2 glowing orange potions.
  2198 | D:3      | 2198 ||| DRINKING 2 puce potions.
  2224 | D:4      | 2224 ||| INVOKING Spit Poison.
  2233 | D:4      | 2233 ||| INVOKING Spit Poison.
  2237 | D:4      | 2237 ||| INVOKING Spit Poison.
  2255 | D:4      | Found Quics's Assorted Antiques.
  2257 | D:4      | Noticed a phantom
  2262 | D:4      | Killed a phantom
  2263 | D:4      | Reached XP level 5. HP: 50/50 MP: 5/5
  2268 | D:4      | 2268 ||| BUYING bubbling amethyst potion (18 gold).
  2268 | D:4      | Bought a bubbling amethyst potion for 18 gold pieces
  2268 | D:4      | 2268 ||| BUYING crooked brass wand (80 gold).
  2268 | D:4      | Bought a crooked brass wand for 80 gold pieces
  2268 | D:4      | 2268 ||| SHOPLISTING diamond ring (100 gold, have 61).
  2268 | D:4      | 2268 ||| BUYING scroll labelled DEKKEELAOL (20 gold).
  2268 | D:4      | Bought a scroll labelled DEKKEELAOL for 20 gold pieces
  2268 | D:4      | 2268 ||| BUYING scroll labelled NEW URAOMUR (20 gold).
  2268 | D:4      | Bought a scroll labelled NEW URAOMUR for 20 gold pieces
  2268 | D:4      | 2268 ||| SHOPLISTING tapered bronze wand (80 gold, have
                  | 21).
  2277 | D:4      | 2277 ||| INVOKING Spit Poison.
  2296 | D:4      | 2296 ||| INVOKING Spit Poison.
  2349 | D:4      | 2349 ||| INVOKING Spit Poison.
  2363 | D:4      | 2363 ||| INVOKING Spit Poison.
  2368 | D:4      | 2368 ||| INVOKING Spit Poison.
  2379 | D:4      | 2379 ||| INVOKING Spit Poison.
  2384 | D:4      | 2384 ||| INVOKING Spit Poison.
  2393 | D:4      | 2393 ||| INVOKING Spit Poison.
  2397 | D:4      | 2397 ||| INVOKING Spit Poison.
  2408 | D:4      | 2408 ||| INVOKING Spit Poison.
  2411 | D:4      | Reached XP level 6. HP: 57/57 MP: 6/6
  2460 | D:4      | 2460 ||| INVOKING Spit Poison.
  2493 | D:4      | 2493 ||| INVOKING Spit Poison.
  2499 | D:4      | 2499 ||| INVOKING Spit Poison.
  2558 | D:4      | 2558 ||| INVOKING Spit Poison.
  2597 | D:4      | 2597 ||| INVOKING Spit Poison.
  2601 | D:4      | 2601 ||| INVOKING Spit Poison.
  2614 | D:4      | Found a sparkling altar of Nemelex Xobeh.
  2621 | D:4      | Reached skill level 6 in Ranged Weapons
  2679 | D:4      | Found a snail-covered altar of Cheibriados.
  2760 | D:4      | Found an opulent altar of Gozag.
  2764 | D:4      | Found a glowing silver altar of Zin.
  2766 | D:4      | Found a hide-covered altar of Uskayaw.
  2847 | D:4      | 2847 ||| INVOKING Spit Poison.
  2990 | D:4      | 2990 ||| UPGRADING to +0 pair of gloves.
  2995 | D:4      | 2995 ||| UPGRADING to +4 ring of protection.
  2996 | D:4      | 2996 ||| READING scroll labelled DEKKEELAOL.
  2997 | D:4      | 2997 ||| READING 2 scrolls labelled NEW URAOMUR.
  2998 | D:4      | 2998 ||| READING scroll of enchant weapon.
  2998 | D:4      | 2998 ||| ENCHANTING +5 longbow of freezing.
  2999 | D:4      | 2999 ||| READING scroll labelled JOIGEP USICAO.
  3000 | D:4      | 3000 ||| DRINKING 2 bubbling amethyst potions.
  3041 | D:4      | 3041 ||| DROPPING potion of lignification.
  3044 | D:5      | Entered Level 5 of the Dungeon
  3066 | D:5      | 3066 ||| INVOKING Spit Poison.
  3084 | D:5      | 3084 ||| INVOKING Spit Poison.
  3137 | D:5      | 3137 ||| INVOKING Spit Poison.
  3139 | D:5      | Reached XP level 7. HP: 64/64 MP: 7/7
  3156 | D:5      | 3156 ||| INVOKING Spit Poison.
  3222 | D:5      | Reached skill level 7 in Ranged Weapons
  3280 | D:5      | 3280 ||| INVOKING Spit Poison.
  3283 | D:5      | 3283 ||| INVOKING Spit Poison.
  3288 | D:5      | 3288 ||| INVOKING Spit Poison.
  3372 | D:5      | 3372 ||| Stepping ~*~*~tactically~*~*~ (outnumbered).
  3374 | D:5      | 3374 ||| Stepping ~*~*~tactically~*~*~ (outnumbered).
  3375 | D:5      | 3375 ||| INVOKING Spit Poison.
  3378 | D:5      | 3378 ||| INVOKING Spit Poison.
  3382 | D:5      | 3382 ||| INVOKING Spit Poison.
  3387 | D:5      | 3387 ||| INVOKING Spit Poison.
  3390 | D:5      | 3390 ||| INVOKING Spit Poison.
  3479 | D:5      | Found a staircase to the Ecumenical Temple.
  3480 | D:5      | 3480 ||| PLANNING TEMPLE
  3480 | D:5      | 3480 ||| UPGRADING to +6 ring of strength.
  3481 | D:5      | 3481 ||| READING 3 scrolls labelled MININN QOTIYD.
  3582 | D:5      | 3582 ||| READING 3 scrolls of identify.
  3582 | D:5      | 3582 ||| IDENTIFYING blue potion
  3583 | D:5      | 3583 ||| READING 2 scrolls of identify.
  3583 | D:5      | 3583 ||| IDENTIFYING fuming brown potion
  3584 | D:5      | 3584 ||| DROPPING potion of degeneration.
  3585 | D:5      | 3585 ||| DROPPING potion of berserk rage.
  3586 | D:5      | 3586 ||| DROPPING 2 scrolls of torment.
  3593 | Temple   | Entered the Ecumenical Temple
  3747 | Temple   | 3747 ||| PLANNING D:1-11
  3965 | D:5      | 3965 ||| INVOKING Spit Poison.
  3970 | D:5      | 3970 ||| INVOKING Spit Poison.
  4201 | D:5      | 4201 ||| DRINKING 2 fizzy yellow potions.
  4201 | D:5      | Gained mutation: You are weak. (Str -2) [potion of
                  | mutation]
  4201 | D:5      | Gained mutation: Your body sometimes deteriorates upon
                  | taking damage. [potion of mutation]
  4201 | D:5      | Gained mutation: You have a pair of small horns on your
                  | head. [potion of mutation]
  4257 | D:6      | 4257 ||| INVOKING Spit Poison.
  4262 | D:6      | 4262 ||| INVOKING Spit Poison.
  4291 | D:6      | Reached skill level 8 in Ranged Weapons
  4291 | D:6      | Reached XP level 8. HP: 72/72 MP: 8/8
  4339 | D:6      | 4339 ||| INVOKING Spit Poison.
  4410 | D:6      | 4410 ||| INVOKING Spit Poison.
  4413 | D:6      | 4413 ||| INVOKING Spit Poison.
  4419 | D:6      | Noticed Duvessa
  4420 | D:6      | Noticed Dowan
  4422 | D:6      | 4422 ||| INVOKING Spit Poison.
  4425 | D:6      | Killed Duvessa
  4428 | D:6      | 4428 ||| INVOKING Spit Poison.
  4428 | D:6      | Killed Dowan
  4455 | D:6      | 4455 ||| INVOKING Spit Poison.
  4457 | D:6      | Noticed Pikel
  4459 | D:6      | 4459 ||| INVOKING Spit Poison.
  4463 | D:6      | 4463 ||| INVOKING Spit Poison.
  4468 | D:6      | 4468 ||| INVOKING Spit Poison.
  4471 | D:6      | Killed Pikel
  4472 | D:6      | Reached skill level 9 in Ranged Weapons
  4575 | D:6      | Reached XP level 9. HP: 81/81 MP: 9/9
  4585 | D:6      | Noticed Sigmund
  4635 | D:6      | 4635 ||| INVOKING Spit Poison.
  4715 | D:6      | Reached skill level 1 in Armour
  4772 | D:6      | 4772 ||| INVOKING Spit Poison.
  4810 | D:6      | 4810 ||| INVOKING Spit Poison.
  4814 | D:6      | 4814 ||| INVOKING Spit Poison.
  4815 | D:6      | Reached skill level 3 in Dodging
  4886 | D:6      | 4886 ||| INVOKING Spit Poison.
  4933 | D:6      | 4933 ||| INVOKING Spit Poison.
  4935 | D:6      | Killed Sigmund
  4936 | D:6      | Reached skill level 6 in Fighting
  5114 | D:7      | 5114 ||| INVOKING Spit Poison.
  5119 | D:7      | 5119 ||| INVOKING Spit Poison.
  5123 | D:7      | HP: 19/82 [killer bee (7)]
  5124 | D:7      | 5124 ||| READING 6 scrolls of teleportation.
  5124 | D:7      | HP: 9/82 [killer bee (3)]
  5125 | D:7      | 5125 ||| DRINKING potion of heal wounds.
  5126 | D:7      | 5126 ||| INVOKING Spit Poison.
  5129 | D:7      | HP: 7/82 [poisoned by a killer bee]
  5387 | D:7      | 5387 ||| INVOKING Spit Poison.
  5392 | D:7      | Found an iron altar of Okawaru.
  5393 | D:7      | 5393 ||| PLANNING OKAWARU WORSHIP
  5393 | D:7      | 5393 ||| INVOKING Spit Poison.
  5399 | D:7      | 5399 ||| INVOKING Spit Poison.
  5465 | D:7      | Became a worshipper of Warmaster Okawaru
  5466 | D:7      | 5466 ||| PLANNING D:1-11
  5776 | D:7      | Reached skill level 10 in Ranged Weapons
  6082 | D:7      | 6082 ||| INVOKING Spit Poison.
  6101 | D:7      | 6101 ||| INVOKING Spit Poison.
  6111 | D:7      | 6111 ||| UPGRADING to +6 ring of dexterity.
  6113 | D:7      | 6113 ||| UPGRADING to +4 ring of protection.
  6115 | D:7      | 6115 ||| DROPPING +6 ring of strength.
  6116 | D:7      | 6116 ||| READING 4 scrolls of identify.
  6116 | D:7      | 6116 ||| IDENTIFYING dark potion
  6117 | D:7      | 6117 ||| DROPPING potion of invisibility.
  6139 | D:8      | Identified the +3 hand axe "Gosyut" {vamp, *Corrode rElec
                  | Int+3}
  6142 | D:8      | 6142 ||| INVOKING Spit Poison.
  6146 | D:8      | 6146 ||| FLEEEEING.
  6147 | D:8      | 6147 ||| FLEEEEING.
  6148 | D:8      | 6148 ||| FLEEEEING.
  6150 | D:8      | 6150 ||| FLEEEEING.
  6151 | D:8      | 6151 ||| STAIRDANCE
  6262 | D:8      | Found Siam's Distillery.
  6270 | D:8      | 6270 ||| BUYING 2 potions of cancellation (240 gold).
  6270 | D:8      | Bought 2 potions of cancellation for 240 gold pieces
  6270 | D:8      | 6270 ||| SHOPLISTING 2 potions of haste (300 gold, have
                  | 35).
  6270 | D:8      | 6270 ||| SHOPLISTING potion of curing (45 gold, have 35).
  6270 | D:8      | 6270 ||| SHOPLISTING potion of haste (150 gold, have 35).
  6270 | D:8      | 6270 ||| SHOPLISTING potion of heal wounds (75 gold, have
                  | 35).
  6270 | D:8      | 6270 ||| SHOPLISTING potion of resistance (150 gold, have
                  | 35).
  6270 | D:8      | 6270 ||| INVOKING Spit Poison.
  6272 | D:8      | Reached * piety under Okawaru
  6355 | D:8      | 6355 ||| INVOKING Spit Poison.
  6367 | D:8      | Reached skill level 1 in Invocations
  6416 | D:8      | 6416 ||| INVOKING Spit Poison.
  6427 | D:8      | 6427 ||| INVOKING Spit Poison.
  6430 | D:8      | 6430 ||| INVOKING Spit Poison.
  6449 | D:8      | 6449 ||| INVOKING Spit Poison.
  6474 | D:8      | 6474 ||| INVOKING Spit Poison.
  6480 | D:8      | 6480 ||| INVOKING Spit Poison.
  6483 | D:8      | 6483 ||| INVOKING Spit Poison.
  6485 | D:8      | Reached skill level 3 in Invocations
  6485 | D:8      | Reached XP level 10. HP: 85/94 MP: 10/12
  6489 | D:8      | 6489 ||| INVOKING Spit Poison.
  6496 | D:8      | Identified the +10 plate armour of the Sea {Rampage +Inv
                  | Dex+5 Stlth-}
  6497 | D:8      | 6497 ||| INVOKING Heroism.
  6498 | D:8      | 6498 ||| INVOKING Spit Poison.
  6503 | D:8      | 6503 ||| INVOKING Spit Poison.
  6520 | D:8      | 6520 ||| INVOKING Heroism.
  6521 | D:8      | 6521 ||| INVOKING Spit Poison.
  6692 | D:8      | 6692 ||| INVOKING Spit Poison.
  6729 | D:8      | 6729 ||| INVOKING Spit Poison.
  6733 | D:8      | Found a sacrificial altar of Ru.
  6911 | D:8      | 6911 ||| DROPPING amulet of guardian spirit.
  6912 | D:8      | 6912 ||| DROPPING ring of positive energy.
  6913 | D:8      | 6913 ||| READING scroll labelled LANYHAIVOWK.
  6973 | D:9      | 6973 ||| INVOKING Spit Poison.
  6978 | D:9      | 6978 ||| INVOKING Spit Poison.
  6981 | D:9      | 6981 ||| INVOKING Spit Poison.
  6982 | D:9      | Reached ** piety under Okawaru
  6983 | D:9      | Reached skill level 11 in Ranged Weapons
  7152 | D:9      | 7152 ||| INVOKING Spit Poison.
  7230 | D:9      | 7230 ||| INVOKING Spit Poison.
  7234 | D:9      | 7234 ||| INVOKING Spit Poison.
  7239 | D:9      | 7239 ||| INVOKING Spit Poison.
  7245 | D:9      | 7245 ||| INVOKING Spit Poison.
  7247 | D:9      | 7247 ||| INVOKING Heroism.
  7250 | D:9      | 7250 ||| INVOKING Spit Poison.
  7283 | D:9      | 7283 ||| INVOKING Spit Poison.
  7360 | D:9      | Found Qexirch's General Store.
  7372 | D:9      | 7372 ||| BUYING scroll of identify (26 gold).
  7372 | D:9      | Bought a scroll of identify for 26 gold pieces
  7383 | D:9      | 7383 ||| INVOKING Spit Poison.
  7388 | D:9      | 7388 ||| INVOKING Spit Poison.
  7392 | D:9      | 7392 ||| INVOKING Spit Poison.
  7486 | D:9      | Found a blossoming altar of Fedhas.
  7494 | D:9      | 7494 ||| INVOKING Spit Poison.
  7496 | D:9      | Reached *** piety under Okawaru
  7642 | D:9      | 7642 ||| INVOKING Spit Poison.
  7647 | D:9      | 7647 ||| INVOKING Heroism.
  7652 | D:9      | 7652 ||| INVOKING Spit Poison.
  7698 | D:9      | 7698 ||| INVOKING Spit Poison.
  7718 | D:9      | 7718 ||| INVOKING Heroism.
  7720 | D:9      | 7720 ||| INVOKING Spit Poison.
  7723 | D:9      | Reached XP level 11. HP: 103/103 MP: 11/14
  7749 | D:9      | Found an ornate altar of the Wu Jian Council.
  8026 | D:9      | 8026 ||| UPGRADING to +0 acid dragon scales.
  8036 | D:9      | 8036 ||| DROPPING +0 leather armour.
  8037 | D:9      | 8037 ||| DROPPING scarf of shadows.
  8038 | D:9      | 8038 ||| UPGRADING to amulet of regeneration.
  8043 | D:9      | 8043 ||| READING 4 scrolls of identify.
  8043 | D:9      | 8043 ||| IDENTIFYING sapphire potion
  8044 | D:9      | 8044 ||| READING 3 scrolls of identify.
  8044 | D:9      | 8044 ||| IDENTIFYING clear potion
  8045 | D:9      | 8045 ||| DROPPING potion of attraction.
  8077 | D:10     | Entered Level 10 of the Dungeon
  8214 | D:10     | 8214 ||| INVOKING Heroism.
  8215 | D:10     | 8215 ||| INVOKING Spit Poison.
  8219 | D:10     | Reached skill level 12 in Ranged Weapons
  8229 | D:10     | 8229 ||| INVOKING Spit Poison.
  8232 | D:10     | Noticed a six-headed hydra
  8238 | D:10     | Killed a six-headed hydra
  8353 | D:10     | 8353 ||| INVOKING Spit Poison.
  8396 | D:10     | 8396 ||| INVOKING Spit Poison.
  8399 | D:10     | Noticed a two-headed ogre
  8400 | D:10     | 8400 ||| INVOKING Heroism.
  8401 | D:10     | 8401 ||| INVOKING Spit Poison.
  8404 | D:10     | Killed a two-headed ogre
  8404 | D:10     | Reached **** piety under Okawaru
  8556 | D:10     | 8556 ||| INVOKING Heroism.
  8557 | D:10     | 8557 ||| INVOKING Spit Poison.
  8628 | D:10     | 8628 ||| INVOKING Spit Poison.
  8633 | D:10     | 8633 ||| INVOKING Spit Poison.
  8651 | D:10     | 8651 ||| INVOKING Heroism.
  8841 | D:10     | Reached skill level 13 in Ranged Weapons
  8866 | D:10     | Noticed a two-headed ogre
  8867 | D:10     | 8867 ||| INVOKING Heroism.
  8875 | D:10     | 8875 ||| INVOKING Spit Poison.
  8877 | D:10     | Killed a two-headed ogre
  8896 | D:10     | 8896 ||| INVOKING Spit Poison.
  8902 | D:10     | 8902 ||| INVOKING Heroism.
  8906 | D:10     | 8906 ||| INVOKING Spit Poison.
  8913 | D:10     | 8913 ||| INVOKING Spit Poison.
  9208 | D:10     | 9208 ||| UPGRADING to +0 troll leather armour.
  9218 | D:10     | 9218 ||| DROPPING +0 acid dragon scales.
  9219 | D:10     | 9219 ||| READING 4 scrolls of identify.
  9219 | D:10     | 9219 ||| IDENTIFYING orange potion
  9220 | D:10     | 9220 ||| DROPPING potion of brilliance.
  9333 | D:11     | Noticed Sonja
  9335 | D:11     | 9335 ||| INVOKING Spit Poison.
  9335 | D:11     | Killed Sonja
  9336 | D:11     | Reached skill level 9 in Fighting
  9349 | D:11     | 9349 ||| INVOKING Spit Poison.
  9360 | D:11     | 9360 ||| INVOKING Heroism.
  9361 | D:11     | 9361 ||| INVOKING Spit Poison.
  9365 | D:11     | 9365 ||| INVOKING Spit Poison.
  9407 | D:11     | Found a staircase to the Lair.
  9409 | D:11     | 9409 ||| INVOKING Spit Poison.
  9412 | D:11     | 9412 ||| INVOKING Spit Poison.
  9418 | D:11     | 9418 ||| INVOKING Spit Poison.
  9424 | D:11     | 9424 ||| INVOKING Spit Poison.
  9454 | D:11     | 9454 ||| INVOKING Spit Poison.
  9458 | D:11     | 9458 ||| INVOKING Spit Poison.
  9463 | D:11     | Reached ***** piety under Okawaru
  9519 | D:11     | Found an opulent altar of Gozag.
  9591 | D:11     | 9591 ||| INVOKING Spit Poison.
  9592 | D:11     | 9592 ||| Stepping ~*~*~tactically~*~*~ (outnumbered).
  9597 | D:11     | 9597 ||| INVOKING Spit Poison.
  9600 | D:11     | 9600 ||| INVOKING Spit Poison.
  9604 | D:11     | 9604 ||| INVOKING Spit Poison.
  9606 | D:11     | 9606 ||| INVOKING Heroism.
  9611 | D:11     | Reached skill level 6 in Dodging
  9700 | D:11     | Noticed a centaur warrior
  9701 | D:11     | 9701 ||| INVOKING Spit Poison.
  9702 | D:11     | 9702 ||| INVOKING Heroism.
  9705 | D:11     | Killed a centaur warrior
  9706 | D:11     | Reached skill level 6 in Invocations
  9781 | D:11     | 9781 ||| INVOKING Heroism.
  9782 | D:11     | 9782 ||| INVOKING Spit Poison.
  9784 | D:11     | Reached XP level 12. HP: 114/114 MP: 13/16
 10004 | D:11     | 10004 ||| FLEEEEING.
 10005 | D:11     | 10005 ||| FLEEEEING.
 10006 | D:11     | 10006 ||| FLEEEEING.
 10007 | D:11     | 10007 ||| FLEEEEING.
 10008 | D:11     | 10008 ||| FLEEEEING.
 10009 | D:11     | 10009 ||| FLEEEEING.
 10089 | D:11     | 10089 ||| PLANNING LAIR
 10089 | D:11     | 10089 ||| UPGRADING to +2 pair of gloves.
 10099 | D:11     | 10099 ||| DROPPING +0 pair of gloves.
 10100 | D:11     | 10100 ||| READING 2 scrolls labelled KOMOEH ULAPS.
 10101 | D:11     | 10101 ||| READING 4 scrolls of identify.
 10101 | D:11     | 10101 ||| IDENTIFYING metallic clear potion
 10102 | D:11     | 10102 ||| DROPPING scroll of fear.
 10103 | D:11     | 10103 ||| DROPPING potion of enlightenment.
 10113 | Lair:1   | Entered Level 1 of the Lair of Beasts
 10143 | Lair:1   | Noticed qw's ghost (journeyman NaHu)
 10146 | Lair:1   | Noticed a minotaur
 10295 | Lair:1   | Found a runed translucent gate.
 10295 | Lair:1   | Found a runed translucent gate.
 10295 | Lair:1   | Found a runed translucent gate.
 10297 | Lair:1   | 10297 ||| INVOKING Heroism.
 10320 | Lair:1   | 10320 ||| INVOKING Heroism.
 10374 | Lair:1   | 10374 ||| INVOKING Heroism.
 11703 | Lair:2   | 11703 ||| STAIRDANCE
 11708 | Lair:1   | 11708 ||| INVOKING Heroism.
 11791 | Lair:2   | Noticed a six-headed hydra
 11792 | Lair:2   | 11792 ||| INVOKING Heroism.
 11805 | Lair:2   | Killed a six-headed hydra
 11828 | Lair:2   | Found a staircase to the Shoals.
 11864 | Lair:2   | Received a gift from Okawaru
 11865 | Lair:2   | Reached skill level 14 in Ranged Weapons
 11865 | Lair:2   | Reached skill level 9 in Invocations
 11921 | Lair:2   | Noticed a five-headed hydra
 11922 | Lair:2   | 11922 ||| INVOKING Heroism.
 11929 | Lair:2   | Killed a five-headed hydra
 11968 | Lair:2   | Noticed a six-headed hydra
 11969 | Lair:2   | 11969 ||| INVOKING Heroism.
 11981 | Lair:2   | Killed a six-headed hydra
 12013 | Lair:2   | Noticed a catoblepas
 12014 | Lair:2   | 12014 ||| INVOKING Finesse.
 12020 | Lair:2   | Killed a catoblepas
 12054 | Lair:2   | Found a runed translucent gate.
 12054 | Lair:2   | Found a runed translucent gate.
 12054 | Lair:2   | Found a runed translucent gate.
 12062 | Lair:2   | Noticed Gastronok
 12063 | Lair:2   | 12063 ||| INVOKING Heroism.
 12072 | Lair:2   | Killed Gastronok
 12073 | Lair:2   | Gained mutation: You can use your snake-like lower body to
                  | constrict enemies. [Naga growth]
 12073 | Lair:2   | Reached XP level 13. HP: 123/123 MP: 18/20
 12105 | Lair:2   | Noticed qw's ghost (journeyman GrFi)
 12110 | Lair:2   | 12110 ||| INVOKING Heroism.
 12271 | Lair:2   | 12271 ||| INVOKING Heroism.
 12294 | Lair:2   | 12294 ||| INVOKING Finesse.
 12384 | Lair:2   | Found a hide-covered altar of Uskayaw.
 12384 | Lair:2   | Found an ornate altar of the Wu Jian Council.
 12385 | Lair:2   | 12385 ||| INVOKING Heroism.
 12386 | Lair:2   | 12386 ||| INVOKING Finesse.
 12395 | Lair:2   | Reached skill level 15 in Ranged Weapons
 12432 | Lair:2   | 12432 ||| INVOKING Heroism.
 12740 | Lair:2   | 12740 ||| UPGRADING to +1 hat of stealth.
 12762 | Lair:3   | 12762 ||| INVOKING Heroism.
 12825 | Lair:3   | 12825 ||| INVOKING Heroism.
 12876 | Lair:3   | 12876 ||| INVOKING Heroism.
 13053 | Lair:3   | Found a staircase to the Snake Pit.
 13105 | Lair:3   | 13105 ||| INVOKING Heroism.
 13214 | Lair:3   | Reached skill level 16 in Ranged Weapons
 13317 | Lair:3   | 13317 ||| INVOKING Heroism.
 13326 | Lair:3   | Identified the +0 hat of Umer {+Inv} (Okawaru gifted it to
                  | you on level 3 of the Lair of Beasts)
 13326 | Lair:3   | Received a gift from Okawaru
 13531 | Lair:3   | 13531 ||| INVOKING Heroism.
 13720 | Lair:3   | 13720 ||| DROPPING +0 hat of Umer {+Inv}.
 13721 | Lair:3   | 13721 ||| DROPPING amulet of magic regeneration.
 13722 | Lair:3   | 13722 ||| DROPPING ring of wizardry.
 13723 | Lair:3   | 13723 ||| READING 4 scrolls of identify.
 13723 | Lair:3   | 13723 ||| IDENTIFYING murky purple potion
 13724 | Lair:3   | 13724 ||| READING 3 scrolls of identify.
 13724 | Lair:3   | 13724 ||| IDENTIFYING fuming sapphire potion
 13725 | Lair:3   | 13725 ||| DROPPING potion of ambrosia.
 13786 | Lair:4   | 13786 ||| INVOKING Heroism.
 14209 | Lair:4   | Reached XP level 14. HP: 135/135 MP: 21/21
 14508 | Lair:4   | 14508 ||| UPGRADING to +2 cloak.
 14513 | Lair:4   | 14513 ||| UPGRADING to amulet of faith.
 14523 | Lair:4   | 14523 ||| READING scroll labelled LANNENOEDA.
 14524 | Lair:4   | 14524 ||| READING scroll labelled REUMUI NABIUG.
 14578 | Lair:5   | Entered Level 5 of the Lair of Beasts
 14636 | Lair:5   | 14636 ||| INVOKING Heroism.
 14650 | Lair:5   | Reached skill level 3 in Armour
 14885 | Lair:5   | 14885 ||| INVOKING Heroism.
 14886 | Lair:5   | 14886 ||| INVOKING Finesse.
 14887 | Lair:5   | 14887 ||| INVOKING Finesse.
 14923 | Lair:5   | 14923 ||| INVOKING Heroism.
 14939 | Lair:5   | Reached skill level 17 in Ranged Weapons
 15001 | Lair:5   | 15001 ||| READING scroll of enchant weapon.
 15001 | Lair:5   | 15001 ||| ENCHANTING +6 longbow of freezing.
 15184 | Lair:5   | 15184 ||| INVOKING Heroism.
 15192 | Lair:5   | HP: 25/135 [cane toad (17)]
 15193 | Lair:5   | 15193 ||| READING 7 scrolls of teleportation.
 15194 | Lair:5   | 15194 ||| DRINKING 3 potions of heal wounds.
 15195 | Lair:5   | 15195 ||| DRINKING 2 potions of heal wounds.
 15289 | Lair:5   | Found a staircase to the Slime Pits.
 15385 | Lair:5   | Reached ****** piety under Okawaru
 15406 | Lair:5   | 15406 ||| INVOKING Heroism.
 15407 | Lair:5   | 15407 ||| INVOKING Finesse.
 15445 | Lair:5   | 15445 ||| INVOKING Finesse.
 15446 | Lair:5   | 15446 ||| INVOKING Finesse.
 15584 | Lair:5   | 15584 ||| INVOKING Heroism.
 15585 | Lair:5   | 15585 ||| INVOKING Finesse.
 15605 | Lair:5   | Received a gift from Okawaru
 15630 | Lair:5   | Reached skill level 18 in Ranged Weapons
 15802 | Lair:5   | 15802 ||| INVOKING Heroism.
 15807 | Lair:5   | Reached XP level 15. HP: 142/142 MP: 19/22
 15985 | Lair:5   | 15985 ||| PLANNING D
 15985 | Lair:5   | 15985 ||| READING scroll labelled FULEEKEVOY.
 16194 | D:12     | Noticed Josephine
 16202 | D:12     | Killed Josephine
 16306 | D:12     | 16306 ||| Stepping ~*~*~tactically~*~*~ (outnumbered).
 16345 | D:12     | 16345 ||| INVOKING Heroism.
 16348 | D:12     | Reached skill level 12 in Fighting
 16546 | D:12     | Received a gift from Okawaru
 16550 | D:12     | 16550 ||| INVOKING Heroism.
 16645 | D:12     | Found a staircase to the Orcish Mines.
 16694 | D:12     | Reached skill level 9 in Dodging
 16882 | D:12     | Found Gopisk's General Store.
 16889 | D:12     | 16889 ||| BUYING 2 potions of might (104 gold).
 16889 | D:12     | Bought 2 potions of might for 104 gold pieces
 16889 | D:12     | 16889 ||| BUYING scroll of identify (26 gold).
 16889 | D:12     | Bought a scroll of identify for 26 gold pieces
 16889 | D:12     | 16889 ||| BUYING scroll of identify (26 gold).
 16889 | D:12     | Bought a scroll of identify for 26 gold pieces
 16889 | D:12     | 16889 ||| BUYING scroll of teleportation (39 gold).
 16889 | D:12     | Bought a scroll of teleportation for 39 gold pieces
 17056 | D:12     | 17056 ||| UPGRADING to +2 troll leather armour.
 17066 | D:12     | 17066 ||| DROPPING +0 troll leather armour.
 17067 | D:12     | 17067 ||| DROPPING amulet of regeneration.
 17089 | D:13     | 17089 ||| STAIRDANCE
 17116 | D:13     | 17116 ||| STAIRDANCE
 17357 | D:13     | 17357 ||| READING scroll of enchant weapon.
 17357 | D:13     | 17357 ||| ENCHANTING +7 longbow of draining.
 17462 | D:13     | 17462 ||| INVOKING Heroism.
 17472 | D:13     | Received a gift from Okawaru
 17484 | D:13     | 17484 ||| UPGRADING to +4 triple crossbow of flaming.
 17485 | D:13     | 17485 ||| DROPPING +8 longbow of draining.
 17521 | D:13     | Found an ornate altar of the Wu Jian Council.
 17964 | D:14     | 17964 ||| Stepping ~*~*~tactically~*~*~ (outnumbered).
 17968 | D:14     | 17968 ||| Stepping ~*~*~tactically~*~*~ (outnumbered).
 17971 | D:14     | 17971 ||| INVOKING Heroism.
 17975 | D:14     | Reached skill level 19 in Ranged Weapons
 17978 | D:14     | 17978 ||| DRINKING 4 potions of curing.
 17978 | D:14     | 17978 ||| (to cure confusion)
 18003 | D:14     | Identified the +0 rapier of the Hundredfold Moons {freeze,
                  | Fly Int-2 Dex+4 SInv}
 18018 | D:14     | 18018 ||| FLEEEEING.
 18101 | D:14     | Identified the +8 hand axe of a wizard's laboratory {venom,
                  | rPois rF+ Dex+3}
 18127 | D:14     | Found a gate to the Vaults.
 18147 | D:14     | 18147 ||| INVOKING Heroism.
 18216 | D:14     | Found a bloodstained altar of Trog.
 18289 | D:14     | Found a blossoming altar of Fedhas.
 18382 | D:14     | Received a gift from Okawaru
 18689 | D:14     | 18689 ||| DROPPING +6 ring of intelligence.
 18695 | D:15     | Entered Level 15 of the Dungeon
 18701 | D:15     | 18701 ||| INVOKING Heroism.
 18702 | D:15     | 18702 ||| INVOKING Finesse.
 18760 | D:15     | 18760 ||| INVOKING Heroism.
 18763 | D:15     | Reached XP level 16. HP: 156/156 MP: 20/23
 19009 | D:15     | 19009 ||| INVOKING Heroism.
 19010 | D:15     | Identified the +6 triple crossbow "Mangel" {drain, rElec
                  | rF+ Int-2 Dex+8} (Okawaru gifted it to you on level 15 of
                  | the Dungeon)
 19010 | D:15     | Received a gift from Okawaru
 19053 | D:15     | 19053 ||| UPGRADING to +6 triple crossbow "Mangel" {drain,
                  | rElec rF+ Int-2 Dex+8}.
 19054 | D:15     | 19054 ||| DROPPING +4 triple crossbow of flaming.
 19072 | D:15     | 19072 ||| INVOKING Finesse.
 19222 | D:15     | 19222 ||| INVOKING Heroism.
 19242 | D:15     | 19242 ||| INVOKING Heroism.
 19243 | D:15     | 19243 ||| Stepping ~*~*~tactically~*~*~ (outnumbered).
 19282 | D:15     | 19282 ||| INVOKING Heroism.
 19380 | D:15     | 19380 ||| INVOKING Heroism.
 19394 | D:15     | Found a staircase to the Depths.
 19435 | D:15     | Found a white marble altar of Elyvilon.
 19436 | D:15     | Found a glowing golden altar of the Shining One.
 19437 | D:15     | Found a glowing silver altar of Zin.
 19703 | D:15     | 19703 ||| READING scroll labelled JOICAUK GACOJO.
 19704 | D:15     | 19704 ||| PLANNING ORC
 19811 | Orc:1    | Entered Level 1 of the Orcish Mines
 20036 | Orc:2    | Entered Level 2 of the Orcish Mines
 20037 | Orc:2    | 20037 ||| STAIRDANCE
 20142 | Orc:2    | 20142 ||| STAIRDANCE
 20169 | Orc:2    | Received a gift from Okawaru
 20183 | Orc:2    | 20183 ||| INVOKING Heroism.
 20342 | Orc:2    | 20342 ||| INVOKING Heroism.
 20369 | Orc:2    | 20369 ||| INVOKING Heroism.
 20380 | Orc:2    | HP: 32/156 [orc warrior/+0 hand axe (16)]
 20381 | Orc:2    | 20381 ||| READING 10 scrolls of teleportation.
 20382 | Orc:2    | 20382 ||| DRINKING 4 potions of heal wounds.
 20386 | Orc:2    | 20386 ||| Stepping ~*~*~tactically~*~*~ (outnumbered).
 20387 | Orc:2    | HP: 39/156 [orc priest/divine providence (10)]
 20387 | Orc:2    | HP: 13/156 [ice devil[an orc high priest] (19)]
 20388 | Orc:2    | 20388 ||| READING 9 scrolls of teleportation.
 20389 | Orc:2    | 20389 ||| DRINKING 3 potions of heal wounds.
 20390 | Orc:2    | 20390 ||| DRINKING 2 potions of heal wounds.
 20429 | Orc:2    | 20429 ||| FLEEEEING.
 20430 | Orc:2    | 20430 ||| INVOKING Heroism.
 20470 | Orc:2    | 20470 ||| UPGRADING to +1 barding of cold resistance.
 20618 | Orc:1    | Found a runed translucent door.
 20729 | Orc:1    | 20729 ||| Stepping randomly (stuck).
 20763 | Orc:2    | 20763 ||| INVOKING Heroism.
 20766 | Orc:2    | 20766 ||| Stepping ~*~*~tactically~*~*~ (outnumbered).
 20826 | Orc:2    | 20826 ||| INVOKING Heroism.
 20859 | Orc:2    | 20859 ||| INVOKING Heroism.
 20884 | Orc:2    | Found Tayq Utoodurr's Antique Armour Emporium.
 20884 | Orc:2    | Found Coboc's Weapon Shop.
 20887 | Orc:2    | Found Baiw's Magic Scroll Emporium.
 20887 | Orc:2    | Found Hynk's Jewellery Shop.
 20893 | Orc:2    | 20893 ||| BUYING glowing ring mail (238 gold).
 20893 | Orc:2    | Bought a glowing ring mail for 238 gold pieces
 20895 | Orc:2    | 20895 ||| BUYING 3 scrolls of identify (66 gold).
 20895 | Orc:2    | Bought 3 scrolls of identify for 66 gold pieces
 20895 | Orc:2    | 20895 ||| BUYING 3 scrolls of teleportation (99 gold).
 20895 | Orc:2    | Bought 3 scrolls of teleportation for 99 gold pieces
 20895 | Orc:2    | 20895 ||| BUYING scroll of enchant weapon (82 gold).
 20895 | Orc:2    | Bought a scroll of enchant weapon for 82 gold pieces
 20896 | Orc:2    | 20896 ||| BUYING brooch of Shielding {Spirit SH+8} (975
                  | gold).
 20896 | Orc:2    | Bought the brooch of Shielding {Spirit SH+8} for 975 gold
                  | pieces
 20896 | Orc:2    | Found the brooch of Shielding {Spirit SH+8}
 20896 | Orc:2    | 20896 ||| SHOPLISTING ring of Ycuag {Drain rN+ Will+ rCorr
                  | Dex+4} (615 gold, have 324).
 20896 | Orc:2    | 20896 ||| SHOPLISTING ring of protection from fire (375
                  | gold, have 324).
 21067 | Orc:2    | Found a staircase to the Elven Halls.
 21149 | Orc:2    | 21149 ||| PLANNING SNAKE:1-3
 21149 | Orc:2    | 21149 ||| DROPPING +0 ring mail of poison resistance.
 21150 | Orc:2    | 21150 ||| DROPPING amulet of reflection.
 21215 | D:12     | 21215 ||| INVOKING Heroism.
 21346 | Snake:1  | Entered Level 1 of the Snake Pit
 21419 | Snake:1  | 21419 ||| READING scroll of acquirement.
 21419 | Snake:1  | 21419 ||| ACQUIRING 708 gold pieces
 21419 | Snake:1  | Acquired 708 gold pieces
 21432 | Snake:1  | Reached skill level 6 in Armour
 21593 | Snake:1  | 21593 ||| Stepping ~*~*~tactically~*~*~ (outnumbered).
 21595 | Snake:1  | 21595 ||| Stepping ~*~*~tactically~*~*~ (outnumbered).
 21597 | Snake:1  | 21597 ||| Stepping ~*~*~tactically~*~*~ (outnumbered).
 21599 | Snake:1  | 21599 ||| Stepping ~*~*~tactically~*~*~ (outnumbered).
 21607 | Snake:1  | 21607 ||| INVOKING Heroism.
 22484 | Snake:2  | Reached XP level 17. HP: 148/155 MP: 24/24
 22545 | Snake:2  | 22545 ||| INVOKING Heroism.
 22548 | Snake:2  | Reached skill level 20 in Ranged Weapons
 22639 | Snake:2  | Identified the +5 shortbow "Fipt" {freeze, rC- rN+ rCorr
                  | Dex+8} (Okawaru gifted it to you on level 2 of the Snake
                  | Pit)
 22639 | Snake:2  | Received a gift from Okawaru
 22642 | Snake:2  | 22642 ||| Stepping ~*~*~tactically~*~*~ (outnumbered).
 22690 | Snake:2  | 22690 ||| INVOKING Heroism.
 23102 | Snake:2  | 23102 ||| DROPPING ring of magical power.
 23103 | Snake:2  | 23103 ||| READING scroll labelled UGHIBLI MUYRUSOPH.
 23411 | Snake:3  | Identified the +2 barding "Ymamowneota" {Str+2 Int+3}
                  | (Okawaru gifted it to you on level 3 of the Snake Pit)
 23411 | Snake:3  | Received a gift from Okawaru
 23865 | Snake:3  | 23865 ||| PLANNING SHOALS:1-3
 23865 | Snake:3  | 23865 ||| DROPPING +2 robe of fire resistance.
 24020 | Shoals:1 | Entered Level 1 of the Shoals
 24074 | Shoals:1 | 24074 ||| INVOKING Heroism.
 24075 | Shoals:1 | 24075 ||| INVOKING Finesse.
 24188 | Shoals:1 | Found a transporter.
 24201 | Shoals:1 | Noticed qw's ghost (adept GrHu)
 24240 | Shoals:1 | Found a transporter.
 24283 | Shoals:1 | 24283 ||| INVOKING Heroism.
 24284 | Shoals:1 | 24284 ||| INVOKING Finesse.
 24647 | Shoals:2 | 24647 ||| INVOKING Heroism.
 24648 | Shoals:2 | 24648 ||| INVOKING Finesse.
 24696 | Shoals:2 | 24696 ||| INVOKING Heroism.
 24699 | Shoals:2 | Reached skill level 21 in Ranged Weapons
 24736 | Shoals:2 | Noticed Polyphemus
 24737 | Shoals:2 | 24737 ||| INVOKING Heroism.
 24738 | Shoals:2 | 24738 ||| INVOKING Finesse.
 24740 | Shoals:2 | 24740 ||| Stepping ~*~*~tactically~*~*~ (outnumbered).
 24751 | Shoals:2 | Killed Polyphemus
 24759 | Shoals:2 | 24759 ||| Stepping ~*~*~tactically~*~*~ (cloud).
 24801 | Shoals:2 | Identified the +5 spear "Jena Suo" {protect, rPois}
 24847 | Shoals:2 | 24847 ||| INVOKING Heroism.
 24858 | Shoals:2 | Identified the +0 robe of Hospitality {Int+3 Dex-2 Stlth+}
 24884 | Shoals:2 | Identified the +0 scale mail of Temperance {Will+}
 24904 | Shoals:2 | 24904 ||| INVOKING Heroism.
 24951 | Shoals:2 | Noticed a kraken
 24959 | Shoals:2 | Killed a kraken
 24960 | Shoals:2 | Reached XP level 18. HP: 174/175 MP: 25/25
 25011 | Shoals:2 | 25011 ||| DROPPING +0 robe of Hospitality {Int+3 Dex-2
                  | Stlth+}.
 25079 | Shoals:2 | 25079 ||| STAIRDANCE
 25126 | Shoals:2 | Found Adghaufy's Magic Scroll Shoppe.
 25198 | Shoals:2 | Received a gift from Okawaru
 25265 | Shoals:2 | 25265 ||| INVOKING Heroism.
 25266 | Shoals:2 | 25266 ||| INVOKING Finesse.
 25280 | Shoals:2 | Reached skill level 12 in Dodging
 25447 | Shoals:3 | 25447 ||| INVOKING Heroism.
 25449 | Shoals:3 | 25449 ||| INVOKING Finesse.
 25450 | Shoals:3 | 25450 ||| Stepping ~*~*~tactically~*~*~ (outnumbered).
 25468 | Shoals:3 | Noticed Ilsuiw
 25475 | Shoals:3 | 25475 ||| Stepping ~*~*~tactically~*~*~ (outnumbered).
 25477 | Shoals:3 | Killed Ilsuiw
 25505 | Shoals:2 | 25505 ||| BUYING scroll of enchant weapon (127 gold).
 25505 | Shoals:2 | Bought a scroll of enchant weapon for 127 gold pieces
 25505 | Shoals:2 | 25505 ||| BUYING scroll of teleportation (51 gold).
 25505 | Shoals:2 | Bought a scroll of teleportation for 51 gold pieces
 25505 | Shoals:2 | 25505 ||| BUYING scroll of teleportation (51 gold).
 25505 | Shoals:2 | Bought a scroll of teleportation for 51 gold pieces
 25505 | Shoals:2 | 25505 ||| Stepping randomly (stuck).
 25527 | Shoals:3 | 25527 ||| INVOKING Heroism.
 25548 | Shoals:3 | Reached skill level 15 in Fighting
 25756 | Shoals:3 | 25756 ||| Stepping ~*~*~tactically~*~*~ (outnumbered).
 25762 | Shoals:3 | 25762 ||| Stepping ~*~*~tactically~*~*~ (outnumbered).
 25765 | Shoals:3 | 25765 ||| Stepping ~*~*~tactically~*~*~ (outnumbered).
 25817 | Shoals:3 | 25817 ||| INVOKING Heroism.
 25819 | Shoals:3 | 25819 ||| Stepping ~*~*~tactically~*~*~ (outnumbered).
 25868 | Shoals:3 | 25868 ||| INVOKING Heroism.
 25922 | Shoals:3 | 25922 ||| INVOKING Heroism.
 26049 | Shoals:3 | 26049 ||| INVOKING Heroism.
 26178 | Shoals:3 | 26178 ||| PLANNING SNAKE:4
 26368 | Snake:4  | Entered Level 4 of the Snake Pit
 26369 | Snake:4  | 26369 ||| INVOKING Heroism.
 26378 | Snake:4  | Noticed Mara
 26379 | Snake:4  | 26379 ||| INVOKING Finesse.
 26381 | Snake:4  | Identified the +0 hat of the Gate {Rampage Stlth+} (Okawaru
                  | gifted it to you on level 4 of the Snake Pit)
 26381 | Snake:4  | Received a gift from Okawaru
 26382 | Snake:4  | 26382 ||| STAIRDANCE
 26385 | Snake:3  | HP: 43/178 [guardian serpent (4)]
 26386 | Snake:3  | 26386 ||| READING 15 scrolls of teleportation.
 26387 | Snake:3  | 26387 ||| DRINKING 2 potions of heal wounds.
 26389 | Snake:3  | 26389 ||| DRINKING potion of heal wounds.
 26428 | Snake:3  | 26428 ||| INVOKING Heroism.
 26499 | Snake:4  | Noticed qw's illusion
 26499 | Snake:4  | 26499 ||| STAIRDANCE
 26529 | Snake:4  | 26529 ||| INVOKING Heroism.
 26530 | Snake:4  | 26530 ||| INVOKING Finesse.
 26538 | Snake:4  | 26538 ||| STAIRDANCE
 26540 | Snake:4  | 26540 ||| STAIRDANCE
 26544 | Snake:3  | HP: 34/158 [naga sharpshooter/bolt (9)]
 26545 | Snake:3  | 26545 ||| READING 14 scrolls of teleportation.
 26545 | Snake:3  | HP: 13/158 [naga/+0 dire flail (19)]
 26545 | Snake:3  | HP: 5/158 [naga sharpshooter/bolt (8)]
 26545 | Snake:3  | HP: 1/158 [naga/+0 war axe (4)]
 26545 | Snake:3  | Constricted to death by a naga

Levels and vault maps discovered:
D:1:      minmay_arrival_four_houses, layout_loops_ring,
          chequers_ecumenical_altar_simple
D:2:      layout_basic
D:3:      layout_basic, nicolae_dithmenos_shadow_blocks,
          nicolae_tso_carved_into_rock
D:4:      layout_basic, chei_slow_surprise, nemelex_xobeh_ov_fountains_minmay,
          gammafunk_temple_overflow_forgotten, serial_shops,
          nicolae_shop_dealshenge
D:5:      layout_cave_pods, minmay_temple_entry_junction_2
D:6:      layout_loops_ring, uniq_duvessa, uniq_sigmund, uniq_pikel
D:7:      layout_basic, okawaru_trees_1, hangedman_abyss_or_decor_passed,
          minivault_10
D:8:      minmay_octagon_keep, layout_cave_pools, lemuel_coloured_pillars_altar,
          enter_bailey_4, serial_shops, nicolae_shop_tiny_waterfront
D:9:      layout_cave_pods, mainiacjoe_overflow_chevrons,
          mainiacjoe_overflow_tiny_flanked, serial_shops, nicolae_shop_peninsula
D:10:     minmay_distorted_concentric_squares, layout_layer_cave,
          nrook_pool_corridor, kennysheep_generic_room_9
D:11:     layout_irregular_city, david_lair_generic,
          nicolae_gozag_cash_rules_everything_around_me, uniq_sonja
D:12:     minmay_the_grid_octo_triangle [minmay_the_grid_octo_pinwheel,
          minmay_the_grid_octo_prize_square_snowflake,
          minmay_the_grid_octo_odd_swirl], layout_long_grid, serial_shops, shop,
          grunt_ministairs_11, uniq_josephine
D:13:     layout_basic, nzn_wu_jian_contemplation
D:14:     layout_loops_cross, grunt_vaults_entry_tiered, fedhas_altar_1,
          trog_three_pillars_becter
D:15:     grunt_enter_depths_hoard, layout_basic, good_gods_temple_1, drop_trap,
          hangedman_parallel_progression
Temple:   bh_familiar_temple
Lair:1:   layout_chaotic_city, maelrawn_ghost_gauntlet_escape,
          chequers_serial_rivers_micro_d
Lair:2:   layout_roguey, elwin_shoals_entry_rocks, gammafunk_ghost_icy,
          nzn_masters_of_martial_movement, uniq_gastronok
Lair:3:   layout_loops_ring, nicolae_snake_entry_squirm, grunt_megastairs_4
Lair:4:   layout_cave_pods, chequers_serial_rivers_micro_c
Lair:5:   hangedman_lair_tendril_chambers, layout_gridlike,
          dpeg_slime_entry_corner
Shoals:1: layout_shoals, gammafunk_ghost_berserking_beasts
Shoals:2: layout_shoals, nicolae_take_the_stairs, uniq_polyphemus
Shoals:3: layout_shoals, argonaut_gorgonesque, uniq_ilsuiw
Snake:1:  layout_chambers
Snake:2:  layout_onion_interference, st_stairs_8, grunt_megastairs_5
Snake:3:  layout_cave_town, nicolae_integral_box
Snake:4:  snake_hunt, layout_gridlike, minmay_shop_star, grunt_megastairs_2,
          uniq_nikola, uniq_aizul, uniq_mara
Orc:1:    layout_caves, lightli_church_of_beogh
Orc:2:    grunt_orc_tribal_feast, layout_caves

Skill      XL: |  1  2  3  4  5  6  7  8  9 10 11 12 13 14 15 16 17 18 |
---------------+-------------------------------------------------------+-----
Ranged Weapons | 4 5 6 8 9 10 11 13 14 16 18 19 21 | 21.8
Fighting       | 4 5 7 8 9 10 11 13 14 15 | 15.0
Dodging        | 2 4 5 6 7 8 9 11 12 | 12.0
Armour         | 1 2 3 4 6 7 |  7.0
Invocations    | 3 4 6 10 | 10.1
Stealth        | |  1.5

Action                     |  1- 3 |  4- 6 |  7- 9 | 10-12 | 13-15 | 16-18 || total
---------------------------+-------+-------+-------+-------+-------+-------++-------
   Fire: Shortbow          |    53 |       |       |       |       |       ||    53
         Longbow           |       |    79 |   169 |   400 |   832 |       ||  1480
         Triple crossbow   |       |       |       |       |   130 |   976 ||  1106
 Invoke: Heroism           |       |       |       |    23 |    25 |    33 ||    81
         Finesse           |       |       |       |     1 |     7 |     9 ||    17
Ability: Spit Poison       |    24 |    27 |    46 |    52 |       |       ||   149
    Use: Scroll            |     4 |     6 |     5 |     6 |     8 |     7 ||    36
         Potion            |       |     4 |     2 |       |     3 |     5 ||    14
 Armour: Leather armour    |     5 |    10 |    56 |    12 |       |       ||    83
         Troll leather arm |       |       |       |    61 |   158 |   262 ||   481
         Acid dragon scale |       |       |       |    15 |       |       ||    15
  Dodge: Dodged            |     5 |    27 |    52 |   159 |   316 |   934 ||  1493

Table legend:
 A = Non-vault XP
 B = Vault XP
 C = Vault XP percentage of total XP
 D = Non-vault monster count
 E = Vault monster count
 F = Vault count percentage of total count
                 A         B        C        D         E       F
            +---------+---------+-------+---------+---------+-------
      Total |  224743 |   68441 |  23.3 |     726 |     235 |  24.5
            +---------+---------+-------+---------+---------+-------
        D:1 |      29 |       0 |   0.0 |      18 |       0 |   0.0
        D:2 |      57 |       0 |   0.0 |      16 |       0 |   0.0
        D:3 |      25 |       0 |   0.0 |       7 |       0 |   0.0
        D:4 |     365 |       0 |   0.0 |      39 |       0 |   0.0
        D:5 |     565 |       0 |   0.0 |      21 |       0 |   0.0
        D:6 |     807 |    1066 |  56.9 |      17 |       4 |  19.0
        D:7 |     669 |       0 |   0.0 |      14 |       0 |   0.0
        D:8 |     865 |     958 |  52.6 |      10 |      15 |  60.0
        D:9 |    3897 |       0 |   0.0 |      39 |       0 |   0.0
       D:10 |    1000 |    3495 |  77.8 |      17 |       8 |  32.0
       D:11 |    3656 |    1763 |  32.5 |      17 |       5 |  22.7
       D:12 |    6450 |   11133 |  63.3 |      21 |      26 |  55.3
       D:13 |    7115 |       0 |   0.0 |      21 |       0 |   0.0
       D:14 |    8396 |    7416 |  46.9 |      15 |      25 |  62.5
       D:15 |   22493 |    5570 |  19.8 |      44 |      50 |  53.2
     Lair:1 |    2829 |       0 |   0.0 |      12 |       0 |   0.0
     Lair:2 |   13552 |    2384 |  15.0 |      36 |       2 |   5.3
     Lair:3 |   12011 |    1676 |  12.2 |      46 |       9 |  16.4
     Lair:4 |    3076 |       0 |   0.0 |      17 |       0 |   0.0
     Lair:5 |   21727 |   10358 |  32.3 |      49 |      38 |  43.7
   Shoals:1 |   17913 |       0 |   0.0 |      34 |       0 |   0.0
   Shoals:2 |   26285 |    4842 |  15.6 |      47 |       5 |   9.6
   Shoals:3 |   27323 |    3893 |  12.5 |      54 |       5 |   8.5
    Snake:1 |   12876 |       0 |   0.0 |      25 |       0 |   0.0
    Snake:2 |   20817 |    1413 |   6.4 |      35 |       3 |   7.9
    Snake:3 |    3797 |    2452 |  39.2 |       7 |       7 |  50.0
    Snake:4 |    1851 |    2406 |  56.5 |       4 |       3 |  42.9
      Orc:1 |    2250 |       0 |   0.0 |      29 |       0 |   0.0
      Orc:2 |    2047 |    7616 |  78.8 |      15 |      30 |  66.7
            +---------+---------+-------+---------+---------+-------
